AoeStats
← Picador Criminal Mutilador

Fortress

509244982Analyzed
4v4 RM · 7d ago on Sep 26, 2026· 69m 22s· 8 players
Game mode
Random Map
Map size
Huge
Population
200
Speed
Normal
Resources
Standard
Victory
Conquest
Starting age
Dark Age
Ending age
Imperial Age
RankedLock teamsTeams togetherTeam positionsShared explorationLock speedFull tech treeHidden civsTurbo modeCheats
Victory
Defeat
1073
+15
🇲🇽 Khmer · Mexico
1057
+16
🇲🇽 Italians · Mexico
1011
+17
🇲🇽 Danes · Mexico
999
+18
🇧🇷 Lithuanians · Brazil
1078
-18
🇧🇷 Vietnamese · Brazil
1065
-17
🇨🇴 Bohemians · Colombia
1038
-16
🇦🇺 Spanish · Australia
1000
-45
Picador Criminal Mutilador
2:21 Loom
7:20 Feudal Age
12:04 Castle Age
10:28 Horse Collar
12:22 Double-Bit Axe
26:51 Imperial Age
24:57 Wheelbarrow
24:10 Town Watch
24:42 Bow Saw
24:39 Heavy Plow
24:49 Gold Mining
24:50 Stone Mining
25:43 Hand Cart
26:25 Bloodlines
26:15 Husbandry
26:26 Forging
26:21 Scale Barding Armor
28:09 Two-Man Saw
27:40 Conscription
27:57 Iron Casting
28:31 Crop Rotation
28:47 Gold Shaft Mining
28:50 Town Patrol
29:31 Stone Shaft Mining
29:29 Chain Barding Armor
30:10 Blast Furnace
29:44 Caravan
30:45 Plate Barding Armor
31:41 Elite War Elephant
33:01 Fletching
33:48 Hoardings
33:25 Citadels
33:52 Bodkin Arrow
35:09 Padded Archer Armor
34:32 Light Cavalry
34:34 Pikeman
34:59 Gambesons
35:14 Squires
35:00 Arson
35:50 Coinage
35:30 Guilds
36:33 Leather Archer Armor
36:19 Scale Mail Armor
40:13 Banking
39:49 Devotion
40:22 Ring Archer Armor
40:07 Chain Mail Armor
39:15 Halberdier
43:11 Plate Mail Armor
42:02 Elite Skirmisher
42:48 Thumb Ring
42:05 Crossbowman
44:34 Ballistics
44:25 Masonry
45:15 Chemistry
44:10 Murder Holes
44:07 Guard Tower
43:44 Hussar
46:17 Kamandaran
62:40 Sappers
Kuriboh
0:31 Loom
8:07 Feudal Age
9:11 Double-Bit Axe
15:00 Castle Age
14:55 Bloodlines
14:35 Horse Collar
22:36 Heavy Plow
22:47 Bow Saw
23:20 Wheelbarrow
22:35 Town Watch
23:58 Gold Mining
25:04 Forging
29:51 Imperial Age
29:02 Husbandry
31:26 Conscription
33:43 Chemistry
32:55 Murder Holes
32:45 Heavy Scorpion
35:25 Ballistics
38:23 Siege Engineers
42:28 Masonry
43:39 Gold Shaft Mining
42:54 Stone Mining
42:55 Elite Jomsviking
44:38 Hamask
49:46 Iron Casting
49:11 Scale Mail Armor
49:17 Scale Barding Armor
51:49 Blast Furnace
51:12 Heated Shot
51:38 Caravan
54:20 Pikeman
54:24 Elite Varangian Guard
55:05 Squires
54:51 Gambesons
55:26 Chain Mail Armor
55:31 Chain Barding Armor
56:04 Elite Skirmisher
56:51 Thumb Ring
62:22 Plate Mail Armor
61:43 Fletching
61:54 Padded Archer Armor
62:29 Plate Barding Armor
69:28 Bodkin Arrow
69:48 Leather Archer Armor
Black Mamba
6:43 Feudal Age
12:39 Castle Age
12:55 Double-Bit Axe
12:57 Horse Collar
13:42 Loom
14:45 Bow Saw
18:04 Town Watch
20:20 Wheelbarrow
27:13 Imperial Age
27:54 Ballistics
28:08 Double Crossbow
30:01 Conscription
30:06 Conscription
30:00 Heavy Plow
33:44 Chemistry
33:13 Elite Ballista Elephant
36:40 Siege Engineers
39:44 Bloodlines
39:35 Husbandry
41:23 Light Cavalry
43:01 Hand Cart
44:28 Hussar
45:42 Scale Barding Armor
45:47 Forging
47:29 Chain Barding Armor
47:21 Heavy Scorpion
51:49 Elite Battle Elephant
57:09 Iron Casting
57:48 Tusk Swords
60:29 Caravan
67:03 Hoardings
68:37 Plate Barding Armor
Pinhead Larry
0:29 Loom
6:50 Feudal Age
11:44 Castle Age
11:32 Double-Bit Axe
11:55 Horse Collar
12:49 Stone Mining
24:26 Fortified Wall
27:15 Thumb Ring
27:33 Ballistics
29:07 Coinage
32:45 Imperial Age
30:31 Heavy Plow
30:47 Bow Saw
30:50 Murder Holes
31:06 Masonry
31:26 Gold Mining
33:19 Wheelbarrow
32:29 Town Watch
33:56 Pirotechnia
36:17 Conscription
36:50 Hand Cart
36:36 Town Patrol
37:16 Stone Shaft Mining
36:47 Caravan
37:18 Banking
37:37 Elite Genoese Crossbowman
39:51 Fletching
40:01 Padded Archer Armor
41:20 Husbandry
41:31 Bloodlines
40:41 Light Cavalry
41:19 Bodkin Arrow
41:39 Leather Archer Armor
41:33 Scale Barding Armor
42:07 Bracer
42:20 Forging
45:51 Ring Archer Armor
45:42 Chain Barding Armor
45:58 Iron Casting
47:30 Guilds
49:32 Hussar
50:19 Scale Mail Armor
51:43 Chemistry
51:18 Architecture
52:28 Blast Furnace
52:18 Plate Barding Armor
55:23 Cavalier
luismjchan
7:02 Feudal Age
7:39 Double-Bit Axe
8:00 Horse Collar
14:12 Castle Age
12:41 Fletching
13:10 Loom
16:07 Bow Saw
16:06 Padded Archer Armor
20:35 Town Watch
21:29 Wheelbarrow
25:58 Imperial Age
24:12 Pikeman
27:02 Chemistry
26:46 Squires
27:02 Wagenburg Tactics
27:18 Conscription
27:05 Caravan
27:16 Elite Skirmisher
29:33 Ballistics
30:08 Heavy Plow
30:30 Hand Cart
33:32 Two-Man Saw
33:39 Houfnice
35:52 Bodkin Arrow
36:13 Leather Archer Armor
35:46 Imperial Skirmisher
37:30 Bracer
38:01 Ring Archer Armor
40:05 Siege Engineers
50:36 Elite Hussite Wagon
55:17 Halberdier
56:11 Forging
56:01 Scale Mail Armor
57:27 Iron Casting
57:19 Masonry
57:51 Chain Mail Armor
60:33 Blast Furnace
60:25 Plate Mail Armor
TianZIK4
8:06 Feudal Age
11:50 Castle Age
10:04 Double-Bit Axe
11:32 Horse Collar
19:35 Bow Saw
20:31 Heavy Plow
22:11 Gold Mining
23:58 Wheelbarrow
23:12 Loom
23:14 Town Watch
24:05 Scale Barding Armor
24:18 Forging
25:03 Ballistics
25:17 Fortified Wall
25:58 Chain Barding Armor
26:14 Iron Casting
25:45 Caravan
30:38 Imperial Age
28:27 Hand Cart
28:36 Pikeman
29:16 Squires
30:49 Husbandry
31:00 Bloodlines
31:15 Town Patrol
31:30 Masonry
31:17 Murder Holes
32:23 Chemistry
31:22 Murder Holes
31:38 Masonry
31:26 Elite Leitis
32:28 Conscription
32:48 Hoardings
34:06 Plate Barding Armor
36:19 Light Cavalry
39:12 Winged Hussar
43:23 Bombard Tower
43:34 Architecture
53:34 Coinage
53:40 Coinage
53:24 Guilds
53:49 Coinage
56:13 Crop Rotation
65:48 Banking
Aleckim
7:28 Feudal Age
9:02 Loom
10:18 Double-Bit Axe
12:41 Castle Age
10:28 Horse Collar
10:39 Gold Mining
13:36 Bow Saw
13:30 Heavy Plow
14:08 Wheelbarrow
18:06 Hand Cart
21:06 Stone Mining
24:51 Imperial Age
22:48 Town Watch
23:11 Fletching
23:22 Padded Archer Armor
24:02 Stone Shaft Mining
24:30 Town Patrol
24:30 Bodkin Arrow
26:00 Paper Money
26:19 Caravan
26:45 Ballistics
28:19 Chemistry
28:27 Thumb Ring
28:26 Bracer
28:41 Leather Archer Armor
29:47 Two-Man Saw
29:38 Crop Rotation
32:16 Ring Archer Armor
32:22 Fortified Wall
32:02 Elite Rattan Archer
33:37 Siege Engineers
34:12 Hoardings
39:33 Treadmill Crane
40:06 Masonry
39:54 Pikeman
39:57 Elite Fire Lancer
40:37 Squires
41:20 Forging
41:16 Scale Barding Armor
45:27 Treadmill Crane
47:30 Iron Casting
47:16 Chain Barding Armor
46:58 Scale Mail Armor
50:02 Chain Mail Armor
53:21 Arson
55:31 Plate Mail Armor
59:50 Chain Barding Armor
60:23 Coinage
60:05 Guilds
61:42 Plate Barding Armor
61:12 Chatras
62:55 Banking
El sucio Potter
2:47 Loom
7:46 Feudal Age
10:22 Double-Bit Axe
11:59 Wheelbarrow
15:39 Castle Age
15:21 Horse Collar
15:38 Stone Mining
15:42 Gold Mining
17:43 Bow Saw
17:47 Heavy Plow
18:37 Town Watch
25:13 Imperial Age
24:33 Hand Cart
28:07 Two-Man Saw
27:43 Conscription
28:11 Scale Barding Armor
28:17 Forging
28:08 Scale Mail Armor
28:47 Town Patrol
29:44 Stone Shaft Mining
30:51 Fletching
31:02 Padded Archer Armor
31:39 Iron Casting
31:21 Chain Mail Armor
31:27 Chain Barding Armor
34:38 Blast Furnace
34:48 Pikeman
36:05 Light Cavalry
36:56 Bloodlines
36:46 Husbandry
36:29 Elite Skirmisher
38:28 Chain Barding Armor
38:41 Plate Mail Armor
38:07 Bodkin Arrow
38:28 Leather Archer Armor
39:03 Imperial Skirmisher
40:24 Plate Barding Armor
40:00 Squires
39:45 Gambesons
39:26 Halberdier
43:59 Caravan
44:33 Bracer
45:03 Ring Archer Armor
Connection lost

Rejoining the realm…

Still unreachable

The connection could not be restored.

Session expired

The server has moved on; the page needs a fresh start.